 Dungeon Crawl Stone Soup version 0.19-a0-1064-geb5102e (webtiles) character file.

1395 Virus the Martial Artist (level 8, -3/39 HPs)
             Began as a Vine Stalker Transmuter on Aug 3, 2016.
             Slain by an orc warrior
             ... wielding a +0 trident
              (9 damage)
             ... on level 7 of the Dungeon.
             The game lasted 00:20:23 (5028 turns).

Virus the Martial Artist (Vine Stalker Transmuter)  Turns: 5028, Time: 00:20:24

Health: -3/39      AC:  9    Str: 12    XL:     8   Next: 68%
Magic:  0/12       EV:  8    Int: 14    God:
Gold:   345        SH:  0    Dex: 17    Spells: 2 memorised, 5 levels left

rFire  . . .     SeeInvis .       - Unarmed
rCold  + . .     Gourm    .     D - +0 robe {rC+}
rNeg   . . .     Faith    .     (no shield)
rPois  +         Spirit   +     w - +0 helmet
rElec  .         Dismiss  .     h - +0 cloak
rCorr  .         Reflect  .     (no gloves)
SustAt .         Harm     .     F - +1 pair of boots
MR     +....                    (no amulet)
Stlth  +++.......               K - +3 ring of protection
                                o - ring of poison resistance

@:
A: fangs 3, regeneration 2, magic shield, antimagic bite, no device heal 3, rot
immunity
a: no special abilities


You were on level 7 of the Dungeon.
You were not hungry.

You visited 2 branches of the dungeon, and saw 8 of its levels.

You collected 345 gold pieces.

Inventory:

Armour
 h - a +0 cloak (worn)
 w - a +0 helmet (worn)
 D - a +0 robe of cold resistance (worn)
 F - a +1 pair of boots (worn)
Jewellery
 o - a ring of poison resistance (left hand)
 K - a +3 ring of protection (right hand)
Wands
 e - a wand of flame (2/48)
 z - a wand of acid (0/15)
Scrolls
 b - 5 scrolls of remove curse
 i - a scroll of immolation {unknown}
 j - 3 scrolls of fear
 q - 3 scrolls of fog
 s - 2 scrolls of recharging {unknown}
 u - 3 scrolls of enchant weapon {unknown}
 y - a scroll of blinking {unknown}
 A - a scroll of enchant armour {unknown}
 C - 2 scrolls of magic mapping {unknown}
 E - 4 scrolls of amnesia {unknown}
 G - 3 scrolls of noise {unknown}
 H - 2 scrolls of teleportation {unknown}
Potions
 a - a potion of berserk rage {unknown}
 f - 3 potions of curing
 k - a potion of cancellation {unknown}
 n - a potion of magic {unknown}
 r - 2 potions of brilliance {unknown}
 t - 2 potions of lignification {unknown}
 v - 2 potions of mutation {unknown}
 x - a potion of ambrosia {unknown}
 B - 2 potions of cure mutation {unknown}
Books
 c - a book of Changes

   Spells                             Type                      Level
   a - Beastly Appendage              Transmutation                1
   b - Sticks to Snakes               Transmutation                2
   c - Spider Form                    Transmutation/Poison         3
   d - Ice Form                       Ice/Transmutation            4
   e - Blade Hands                    Transmutation                5
Comestibles
 d - 7 bread rations
 g - 4 meat rations
 l - 3 chunks of flesh
 m - 2 beef jerkies
 p - 9 fruits


   Skills:
 - Level 2.1 Fighting
 - Level 3.1 Dodging
 + Level 4.3 Stealth
 * Level 8.3 Unarmed Combat
 - Level 2.1 Spellcasting
 + Level 4.7 Transmutations


You had 5 spell levels left.
You knew the following spells:

 Your Spells              Type           Power        Failure   Level  Hunger
a - Beastly Appendage     Tmut           ##....       3%          1    #......
b - Blade Hands           Tmut           ##........   89%         5    ######.


Dungeon Overview and Level Annotations

Branches:
Dungeon (7/15)             Temple (1/1) D:5

Altars:
Cheibriados
Dithmenos
Elyvilon
Gozag
Kikubaaqudgha
Makhleb
Nemelex Xobeh
Okawaru
Pakellas
Qazlal
Ru
Sif Muna
Vehumet
Xom
Zin
The Shining One

Shops:
D:5 =


Innate Abilities, Weirdness & Mutations

You have razor-sharp teeth.
You heal very quickly.
When hurt, damage is shared between your health and your magic reserves.
Your bite disrupts and absorbs the magic of your enemies.
Potions and wands cannot restore your health.
You are immune to rotting.


Message History

The orc warrior is almost dead.
The orc warrior hits you with a trident!
* * * LOW HITPOINT WARNING * * *
The orc warrior misses you.
You see here a +0 pair of boots.
You see here a scorpion corpse.
You see here a scorpion corpse.
An orc comes into view. It is wielding a flail.
The orc shouts!
The orc shouts!
The orc priest shouts!
The orc priest invokes the aid of Beogh against you.
Beogh smites you!
* * * LOW HITPOINT WARNING * * *
The orc hits you with a flail.
* * * LOW HITPOINT WARNING * * *
There is a stone staircase leading up here.
The orc hits you with a flail.
* * * LOW HITPOINT WARNING * * *
The orc warrior hits you from afar with a trident!
You die...

#...##...# #.# ##
#[#.##...###.# ..
#.#.#.....##.#
#.####.#..........#
#.........#......##
####.....##...#..####
#########.....#..........#
#.......ooo##.#....<...†.#
##....#..###.@....#..........#
#...###o###o.................#
..#.....#...#####............#
............# #............#
..######..### .....####.####
#...# .#... #.# ......# .. #..
..#.###.# ## #.. #. ..


You could see an orc warrior, an orc priest and 2 orcs.

Vanquished Creatures
  Eustachio (D:6)
  Menkaure (D:7)
  4 ogres
  2 giant frogs
  A scorpion (D:7)
  2 crimson imps (D:6)
  2 hounds
  An orc priest (D:5)
  A centaur skeleton (D:4)
  An iguana (D:4)
  4 orc wizards
  3 worker ants
  A hound zombie (D:6)
  7 adders
  4 oozes
  2 adder skeletons (D:5)
  A worm (D:2)
  4 dart slugs
  5 giant geckos
  20 orcs
  2 ball pythons
  5 giant cockroaches
  6 goblins
  7 hobgoblins
  3 jackals (D:2)
  14 kobolds
  10 bats
  4 giant newts
  8 rats
126 creatures vanquished.

Notes
Turn   | Place    | Note
-------+----------+-------------------------------------------
     0 | D:1      | Virus the Vine Stalker Transmuter began the quest for the Orb.
     0 | D:1      | Reached XP level 1. HP: 9/9 MP: 4/4
    14 | D:1      | Noticed an electric eel
    68 | D:1      | Reached skill level 1 in Stealth
    83 | D:1      | Reached XP level 2. HP: 12/14 MP: 4/6
   505 | D:1      | Reached XP level 3. HP: 17/17 MP: 7/7
   961 | D:2      | Reached skill level 4 in Unarmed Combat
  1057 | D:2      | Reached XP level 4. HP: 7/21 MP: 8/8
  1470 | D:2      | Found a white marble altar of Elyvilon.
  1782 | D:3      | Reached XP level 5. HP: 21/25 MP: 7/9
  1872 | D:3      | Learned a level 5 spell: Blade Hands
  2535 | D:4      | Noticed an ogre
  2613 | D:4      | Found an opulent altar of Gozag.
  2677 | D:4      | Reached skill level 5 in Unarmed Combat
  2958 | D:4      | Killed an ogre
  2958 | D:4      | Gained mutation: You heal very quickly. [Vine Stalker growth]
  2958 | D:4      | Reached XP level 6. HP: 27/29 MP: 8/10
  3066 | D:4      | Reached skill level 1 in Fighting
  3342 | D:5      | Entered Level 5 of the Dungeon
  3469 | D:5      | Reached skill level 6 in Unarmed Combat
  3475 | D:5      | Reached XP level 7. HP: 6/33 MP: 4/11
  3764 | D:5      | Found Zoegriaq's Jewellery Shoppe.
  3961 | D:5      | Found a staircase to the Ecumenical Temple.
  3987 | Temple   | Entered the Ecumenical Temple
  4359 | D:6      | Found a radiant altar of Vehumet.
  4359 | D:6      | Found an ancient bone altar of Kikubaaqudgha.
  4363 | D:6      | Found a burning altar of Makhleb.
  4363 | D:6      | Found a glowing golden altar of the Shining One.
  4531 | D:6      | Reached skill level 7 in Unarmed Combat
  4549 | D:6      | Noticed Eustachio
  4566 | D:6      | Killed Eustachio
  4566 | D:6      | Gained mutation: You have razor-sharp teeth. [Vine Stalker growth]
  4566 | D:6      | Reached XP level 8. HP: 35/39 MP: 12/12
  4854 | D:7      | Reached skill level 8 in Unarmed Combat
  4949 | D:7      | Noticed Menkaure
  4962 | D:7      | Killed Menkaure
  5028 | D:7      | Slain by an orc warrior

Vault maps used:
D:1:      arrival_aquarium_a
D:2:      marbit_many_paths, serial_corexii_hall, corexii_hall_statues_x,
          corexii_hall_statues_i, corexii_hall_statues_s,
          corexii_hall_statues_i, minmay_cupped
D:4:      lemuel_crystal_altar, minmay_joined_circles
D:5:      first_bread, serial_shops, shop
D:6:      grunt_temple_overflow_open, bh_walls_and_bars, uniq_eustachio
D:7:      lemuel_ice_statue, lemuel_doored_altar, serial_shops, shop,
          uniq_duvessa, uniq_menkaure
Temple:   compressed_dpeg_circular_temple

Skill      XL: |  1  2  3  4  5  6  7  8 |
---------------+-------------------------+-----
Stealth        | 1 2 3 4 |  4.3
Unarmed Combat | 4 5 6 7 8 |  8.3
Fighting       | 1 2 |  2.1
Transmutations | 3 4 |  4.7
Dodging        | 2 3 |  3.1
Spellcasting   | |  2.1

Action                   |  1- 3 |  4- 6 |  7- 9 || total
-------------------------+-------+-------+-------++-------
Melee: Unarmed           |   112 |   249 |   167 ||   528
       Bite              |    26 |    66 |    51 ||   143
       Punch             |     1 |     5 |     3 ||     9
Evoke: Wand              |       |     1 |     3 ||     4
  Use: Scroll            |       |     4 |     1 ||     5
 Stab: Sleeping          |       |     2 |     6 ||     8
  Eat: Chunk             |       |     8 |     4 ||    12
       Pizza             |       |       |     1 ||     1
Armor: Robe              |     5 |       |    39 ||    44
       Plate armour      |    79 |   128 |       ||   207
       Ring mail         |       |    33 |       ||    33
Dodge: Dodged            |    23 |    56 |    99 ||   178
